 Dungeon Crawl Stone Soup version 0.30-a0-808-g6e0788376e (webtiles) character file.

Game seed: 16740257719376915323

56 cforsyth the Sneak (level 4, 0/28 HPs)
             Began as a Kobold Brigand on Feb 25, 2023.
             Slain by a goblin
             ... wielding a +0 dagger
             ... led by Robin
              (2 damage)
             ... on level 2 of the Dungeon.
             The game lasted 00:01:56 (1700 turns).

cforsyth the Sneak (Kobold Brigand)                 Turns: 1700, Time: 00:01:56

Health: 0/28       AC:  3    Str:  8    XL:     4   Next: 17%
Magic:  4/4        EV: 15    Int: 12    God:
Gold:   69         SH:  0    Dex: 18    Spells: 3/3 levels left

rFire   . . .      SeeInvis .    a - +2 dagger
rCold   . . .      Faith    .    (no shield)
rNeg    . . .      Spirit   .    b - +0 robe
rPois   .          Reflect  .    (no helmet)
rElec   .          Harm     .    c - +0 cloak
rCorr   .          Rampage  .    (no gloves)
Will    .....                    (no boots)
Stlth   ++++                     (no amulet)
HPRegen 0.24/turn                (no ring)
MPRegen 0.09/turn                (no ring)

@: lethally poisoned (0 -> -6)
A: small, no large weapons, nightstalker 3
a: no special abilities


You were on level 2 of the Dungeon.
You visited 1 branch of the dungeon, and saw 2 of its levels.

You collected 69 gold pieces.

Inventory:

Hand Weapons
 a - a +2 dagger (weapon)
Missiles
 d - 9 poisoned darts (quivered)
 e - 3 curare-tipped darts
Armour
 b - a +0 robe (worn)
 c - a +0 cloak (worn)
Jewellery
 m - an amulet of regeneration
Scrolls
 f - 2 scrolls of silence {unknown}
 g - 2 scrolls of poison {unknown}
 h - 2 scrolls of identify {unknown}
 i - a scroll of brand weapon {unknown}
 j - a scroll of teleportation {unknown}
 k - a scroll of blinking {unknown}
Potions
 l - a potion of mutation {unknown}


   Skills:
 + Level 3.0 Fighting
 + Level 3.5 Short Blades
 - Level 2.1 Throwing
 + Level 2.3 Dodging
 + Level 5.9 Stealth


You had 3 spell levels left.
You didn't know any spells.
Your spell library contained the following spells:

 Spells                   Type           Power      Damage    Failure   Level
 Kiss of Death            Conj/Necr      0%         2d5       32%         1
 Blink                    Tloc           0%         N/A       45%         2
 Ensorcelled Hibernation  Hex/Ice        0%         N/A       45%         2
 Lesser Beckoning         Tloc           0%         N/A       45%         2
 Momentum Strike          Conj/Tloc      0%         3d8       45%         2
 Passwall                 Tmut/Erth      0%         N/A       45%         2
 Confusing Touch          Hex            0%         N/A       69%         3
 Ozocubu's Armour         Ice            0%         N/A       69%         3
 Swiftness                Air            0%         N/A       69%         3
 Dispel Undead            Necr           0%         3d6       97%         4
 Metabolic Englaciation   Hex/Ice        0%         N/A       100%        5
 Simulacrum               Ice/Necr       0%         N/A       100%        6


Dungeon Overview and Level Annotations

Branches:
Dungeon (2/15)

Altars:

Shops:
D:1 :(([

Annotations:
D:2 Robin


Innate Abilities, Weirdness & Mutations

You are small and have problems with some larger weapons.
You are completely attuned to the shadows.


Message History

You kill the goblin!
The goblin completely misses you. x2; The goblin barely misses you.
You hit the hobgoblin.
The hobgoblin is almost dead.
You hit the hobgoblin.
You kill the hobgoblin!
Robin zaps a wand.
The puff of flame hits you. The goblin barely misses you.
The goblin misses you. The goblin barely misses you.
You hit the goblin.
You kill the goblin!
The goblin hits you with a +0 club. The goblin closely misses you.
The goblin barely misses you. x2
You hit Robin.
Robin is moderately wounded.
Robin zaps a wand.
The puff of flame misses you. The goblin hits you with a +0 club.
The goblin barely misses you. The goblin closely misses you.
The goblin misses you.
You closely miss Robin.
Robin is moderately wounded.
Robin throws the goblin at you! The goblin barely misses you.
The goblin hits you with a +0 dagger.
* * * LOW HITPOINT WARNING * * *
The goblin misses you. The goblin hits you with a +0 dagger.
* * * LOW HITPOINT WARNING * * *
You are too injured to fight recklessly!
You are too injured to fight recklessly!
You are too injured to fight recklessly!
You are too injured to fight recklessly!
You are too injured to fight recklessly!
You are too injured to fight recklessly!
You are too injured to fight recklessly!
You are too injured to fight recklessly!
Robin throws the goblin at you! The goblin misses you.
The goblin hits you with a +1 trident of venom.
* * * LOW HITPOINT WARNING * * *
You are lethally poisoned!
The goblin hits you with a +0 dagger.
* * * LOW HITPOINT WARNING * * *
The goblin attacks as you move away! The goblin hits you with a +0 dagger.
You die...

######### #########
########.......##########........
...............##.......#........
................'................
...............##.......#........
......##.......##.......#......##
......##.......##.......###......
......##......g##)......# #......
......#.......†g@..))...###......
#...###........ggg....)..........
.)..# #..........................
...## #....................##....
)...# #.....(....######....##....
..#.###..........# #....##....
..#..............# #....##....
..#..............# #)...#####.
..#..............# #....# #.


You could see Robin and 4 goblins.

Vanquished Creatures
  A worm (D:2)
  2 dart slugs (D:2)
  3 ball pythons (D:1)
  4 endoplasms
  8 goblins
  4 hobgoblins
  5 jackals (D:1)
  3 kobolds
  2 quokkas
  4 bats (D:1)
  5 frilled lizards (D:1)
  2 rats
  A spectral kobold (D:1)
44 creatures vanquished.

Notes
Turn   | Place    | Note
-------+----------+-------------------------------------------
     0 | D:1      | cforsyth the Kobold Brigand began the quest for the Orb.
     0 | D:1      | Reached XP level 1. HP: 12/12 MP: 1/1
    52 | D:1      | Reached XP level 2. HP: 16/18 MP: 2/2
   251 | D:1      | Found a faded altar of an unknown god.
   384 | D:1      | Found Voochem's Weapon Shop.
   438 | D:1      | Found Wiagogh's Book Boutique.
   451 | D:1      | Reached XP level 3. HP: 22/22 MP: 3/3
   516 | D:1      | Found Exeuzauw's Antique Weapon Shop.
   680 | D:1      | Found Tateekk's Antique Armour Shoppe.
   982 | D:2      | Noticed Robin
  1151 | D:2      | Reached XP level 4. HP: 27/27 MP: 4/4
  1700 | D:2      | Slain by a goblin

Illustrated notes

Levels and vault maps discovered:
D:1:      dpeg_arrival_short_road, layout_loops_ring,
          dreamdust_ecumenical_altar_drowned_temple, serial_shops, shop,
          nicolae_lakefront_shop, shop, shop_statue,
          chequers_serial_rivers_small_a
D:2:      layout_basic, palyth_stone_intersect, uniq_robin

Skill      XL: |  1  2  3  4 |
---------------+-------------+-----
Short Blades   | 3 |  3.5
Dodging        | 2 |  2.3
Fighting       | 3 |  3.0
Throwing       | |  2.1
Stealth        | |  5.9

Action                     |  1- 3 |  4- 6 || total
---------------------------+-------+-------++-------
  Melee: Dagger            |    58 |    14 ||    72
   Stab: Sleeping          |    22 |     1 ||    23
 Armour: Robe              |     6 |     2 ||     8
  Dodge: Dodged            |    22 |    26 ||    48

Table legend: (Time is in decaauts)
 A = Elapsed time spent in this place.
 B = Non-inter-level travel time spent in this place.
 C = Inter-level travel time spent in this place.
 D = Time resting spent in this place.
 E = Time spent auto-exploring this place.
 F = Levels seen in this place.
 G = Mean time per level.
                   A        B        C        D        E       F      G
               +--------+--------+--------+--------+--------+-----+--------+
         Total |   1690 |   1672 |     18 |      0 |   1281 |   2 |  845.0 |
       Dungeon |   1690 |   1672 |     18 |      0 |   1281 |   2 |  845.0 |
               +--------+--------+--------+--------+--------+-----+--------+

Top non-repeatable levels by time:
     D:2: 862 daAuts
     D:1: 828 daAuts
